 Dungeon Crawl Stone Soup version 0.24-a0-201-gf205589 (webtiles) character file.

Game seed: 6918514764405414543

224 Fr4nc3scaITA the Covered (level 6, -10/52 HPs)
             Began as a Hill Orc Fighter on Mar 21, 2019.
             Mangled by a gnoll
             ... wielding a +0 halberd
              (16 damage)
             ... on level 3 of the Dungeon.
             The game lasted 00:23:55 (3735 turns).

Fr4nc3scaITA the Covered (Hill Orc Fighter)         Turns: 3735, Time: 00:23:56

Health: -10/52     AC:  7    Str: 20    XL:     6   Next: 0%
Magic:  6/6        EV:  7    Int:  8    God:
Gold:   147        SH:  9    Dex: 11    Spells: 5/5 levels left

rFire    . . .     SeeInvis .   a - +0 rapier
rCold    . . .     Gourm    .   c - +0 shield
rNeg     . . .     Faith    .   b - +0 scale mail
rPois    .         Spirit   .   (no helmet)
rElec    .         Reflect  .   (no cloak)
rCorr    .         Harm     .   (no gloves)
MR       .....                  (no boots)
Stlth    ..........             (no amulet)
HPRegen  0.17/turn              (no ring)
MPRegen  0.10/turn              (no ring)

@: no status effects
A: no striking features
a: no special abilities


You were on level 3 of the Dungeon.
You were not hungry.

You visited 1 branch of the dungeon, and saw 3 of its levels.

You collected 147 gold pieces.

Inventory:

Hand Weapons
 a - a +0 rapier (weapon)
 g - a +0 dagger
 h - a +1 short sword of flaming
Missiles
 s - 116 stones (quivered)
 x - 38 poisoned needles
 y - 8 tomahawks
Armour
 b - a +0 scale mail (worn)
 c - a +0 shield (worn)
 m - a +0 robe
 r - a +0 hat
 t - a +0 cloak
 u - a +0 robe
 w - a +0 robe
Scrolls
 i - 2 scrolls of amnesia {unknown}
 j - 3 scrolls of teleportation {unknown}
 k - a scroll of magic mapping {unknown}
 n - 3 scrolls of immolation {unknown}
 o - 3 scrolls of identify {unknown}
 q - 2 scrolls of remove curse {unknown}
 v - a scroll of fear {unknown}
Potions
 d - a potion of might
 e - a potion of brilliance
Comestibles
 f - 7 rations


   Skills:
 + Level 4.2 Fighting
 + Level 4.1 Short Blades
 + Level 4.5 Armour
 + Level 0.9 Dodging
 + Level 4.1 Shields


You had 5 spell levels left.
You didn't know any spells.
Your spell library was empty.

Dungeon Overview and Level Annotations

Branches:
Dungeon (3/15)

Altars:
Uskayaw

Annotations:
D:2 Natasha


Message History

The gnoll is almost dead.
You block the gnoll's attack.
The gnoll hits you from afar with a +0 halberd.
* * * LOW HITPOINT WARNING * * *
You completely miss the gnoll.
The gnoll is almost dead.
You block the gnoll's attack.
The gnoll hits you from afar with a +0 halberd!
* * * LOW HITPOINT WARNING * * *
You hit the gnoll but do no damage.
The gnoll is almost dead.
The gnoll barely misses you.
You hit the gnoll.
You kill the gnoll!
You have reached level 6!
Your experience leads to an increase in your attributes!
Increase (S)trength, (I)ntelligence, or (D)exterity?
You feel stronger.
The gnoll hits you from afar with a +0 halberd!
You die...

######## .......### .........#
.###.....# .._...8..#
.[)......#####################.g
......8.........@)gg...........g
........###########..†.......#..
......8.# ### #..........#
........# #...#..........#
####..### #............# ##.#
#...#.....)....# #.#
.####..<.......# #.#
######.##### #.# .# #.


You could see 2 gnolls.

Vanquished Creatures
  3 orc wizards (D:3)
  A gnoll (D:3)
  4 adders
  A worm (D:2)
  4 dart slugs
  3 leopard geckos
  8 orcs (D:3)
  2 ball pythons (D:3)
  7 bats
  5 giant cockroaches
  5 goblins
  4 hobgoblins
  2 jackals (D:3)
  A quokka (D:2)
  10 frilled lizards
  7 kobolds
  7 rats
74 creatures vanquished.

Notes
Turn   | Place    | Note
-------+----------+-------------------------------------------
     0 | D:1      | Fr4nc3scaITA the Hill Orc Fighter began the quest for the
                  | Orb.
     0 | D:1      | Reached XP level 1. HP: 19/19 MP: 1/1
   398 | D:1      | Reached XP level 2. HP: 27/27 MP: 2/2
  1023 | D:2      | Reached XP level 3. HP: 20/33 MP: 3/3
  1820 | D:2      | Reached XP level 4. HP: 40/40 MP: 4/4
  1940 | D:2      | Noticed Natasha
  2718 | D:3      | Reached XP level 5. HP: 30/46 MP: 5/5
  3370 | D:3      | Found a hide-covered altar of Uskayaw.
  3735 | D:3      | Reached XP level 6. HP: 6/52 MP: 6/6
  3735 | D:3      | Mangled by a gnoll

Levels and vault maps discovered:
D:1:      dpeg_arrival_tiny_h, layout_loops_ring
D:2:      layout_basic, first_ration, kennysheep_another_room,
          chequers_serial_rivers_micro_a, uniq_natasha
D:3:      layout_rooms, eat_drink_and_be_merry_uskayaw, chequers_mini_garden,
          st_stairs_7

Skill      XL: |  1  2  3  4  5 |
---------------+----------------+-----
Fighting       | 4 |  4.2
Armour         | 4 |  4.5
Short Blades   | 3 4 |  4.1
Shields        | 4 |  4.1
Dodging        | |  0.9

Action                   |  1- 3 |  4- 6 || total
-------------------------+-------+-------++-------
Melee: Rapier            |   134 |   138 ||   272
  Use: Potion            |       |     6 ||     6
  Eat: Ration            |     1 |     2 ||     3
Armor: Scale mail        |    64 |    61 ||   125
Dodge: Dodged            |    41 |    37 ||    78
Block: Shield            |    41 |    73 ||   114

Table legend:
 A = Non-vault XP
 B = Vault XP
 C = Vault XP percentage of total XP
 D = Non-vault monster count
 E = Vault monster count
 F = Vault count percentage of total count
                 A         B        C        D         E       F
            +---------+---------+-------+---------+---------+-------
      Total |     318 |       3 |   0.9 |      72 |       2 |   2.7
            +---------+---------+-------+---------+---------+-------
        D:1 |      26 |       0 |   0.0 |      19 |       0 |   0.0
        D:2 |      76 |       0 |   0.0 |      20 |       0 |   0.0
        D:3 |     216 |       3 |   1.4 |      33 |       2 |   5.7
            +---------+---------+-------+---------+---------+-------
